 Dungeon Crawl Stone Soup version 0.31.0-9-g3a7656b989 (webtiles) character file.

Game seed: 12361475792311763659

13 qw the Shooter (level 2, -1/14 HPs)
             Began as a Spriggan Hunter on Feb 2, 2024.
             Succumbed to their own poison gas
             ... on level 2 of the Dungeon.
             The game lasted 00:00:00 (344 turns).

qw the Shooter (Spriggan Hunter)                     Turns: 344, Time: 00:00:01

Health: -1/14      AC:  2    Str:  7    XL:     2   Next: 24%
Magic:  3/3        EV: 19    Int: 10    God:
Gold:   2          SH:  0    Dex: 18    Spells: 1/1 levels left

rFire   . . .        a - +0 shortbow (flame)
rCold   . . .        (shield currently unavailable)
rNeg    . . .        c - +0 robe
rPois   .            (helmet restricted)
rElec   .            (no cloak)
rCorr   .            (gloves unavailable)
SInv    +            (boots unavailable)
Will    .....        (no amulet)
Stlth   ++           (no ring)
HPRegen 0.22/turn    (no ring)
MPRegen 0.08/turn

%: no passive effects
@: lethally poisoned (-1 -> -8), very quick
A: very small, no large weapons, unfitting armour, see invisible, speed 3
a: no special abilities


You were on level 2 of the Dungeon.
You visited 1 branch of the dungeon, and saw 2 of its levels.

You collected 2 gold pieces.


Innate Abilities, Weirdness & Mutations

You are very small and have problems with some larger weapons.
You are too small for most types of armour.
You have supernaturally acute eyesight. (SInv)
You cover ground extremely quickly. (Speed+++)


   Skills:
 - Level 1.5 Fighting
 + Level 4.0 Ranged Weapons
 - Level 4.0 Dodging
 - Level 1.5 Stealth


You had one spell level left.
You didn't know any spells.
Your spell library was empty.

Inventory:

Hand Weapons
 a - a +0 shortbow of flaming (weapon)
Armour
 c - a +0 robe (worn)
Potions
 b - a potion of resistance {unknown}
 g - a potion of might {unknown}

Dungeon Overview and Level Annotations

Branches:
Dungeon (2/15)

Altars:


Message History

You see here a +0 club.
You see here a +0 club.
Found 7 stones.
You see here 7 stones.
Found a stone staircase leading up.
332 ||| READING scroll labelled SURYQY RESUTEO.
As you read the scroll labelled SURYQY RESUTEO, it crumbles to dust.
You hear a loud clanging noise!
It was a scroll of noise.
A quokka comes into view.
You shoot an arrow. The arrow hits the quokka.
The quokka is almost dead.
You shoot an arrow. The arrow barely misses the quokka.
You shoot an arrow. The arrow closely misses the quokka.
You shoot an arrow. The arrow closely misses the quokka.
You shoot an arrow. The arrow hits the quokka!
You kill the quokka!
Your Dodging skill increases to level 4!
338 ||| READING scroll labelled SUBBAU SETEG.
As you read the scroll labelled SUBBAU SETEG, it crumbles to dust.
It is a scroll of brand weapon.
338 ||| BRANDING +0 shortbow.
Your +0 shortbow is engulfed in flames!
a - a +0 shortbow of flaming (weapon)
339 ||| READING scroll labelled VACVECOUCEE.
The air fills with toxic fumes!
As you read the scroll labelled VACVECOUCEE, it crumbles to dust.
It was a scroll of poison.
What level of the Dungeon? (default 1, ? - help) Sorry, I don't know how to get there.
You are engulfed in poison gas.
You are lethally poisoned!
You feel very sick.
341 ||| Stepping ~*~*~tactically~*~*~ (cloud).
You feel sick.
There is a lethal amount of poison in your body!
You feel very sick.
There is a lethal amount of poison in your body!
You feel sick.
There is a lethal amount of poison in your body!
You die...

. . ### .#. .0#
#..# ... #¤# #
...# #.###¤###¤#
#..#
#.#¤¤¤¤¤¤¤##.
#..#
#.#0¤¤¤0¤¤¤¤.
..###.#¤@¤¤#####.
#.#.¤¤¤¤¤¤¤¤#
#.#¤#######¤#
#...# .# # #.#.#
.# #.#####.#.# .
#.......#.# .
####.####.# #.#
#.#


There were no monsters in sight!

Vanquished Creatures
  2 bats (D:1)
  A goblin (D:1)
  2 hobgoblins
  A quokka (D:2)
  2 ball pythons
  A frilled lizard (D:1)
  A kobold (D:1)
  3 rats
13 creatures vanquished.

Notes
Turn   | Place    | Note
-------+----------+-------------------------------------------
     0 | D:1      | qw the Spriggan Hunter began the quest for the Orb.
     0 | D:1      | Reached XP level 1. HP: 10/10 MP: 2/2
     0 | D:1      | 0 ||| qw: Version: 0.3-a-155-g5e7d8dd
     0 | D:1      | 0 ||| qw: Game counter: 84
     0 | D:1      | 0 ||| qw: Melee chars always use a shield: true
     0 | D:1      | 0 ||| qw: God list: Okawaru
     0 | D:1      | 0 ||| qw: Allow faded altars: false
     0 | D:1      | 0 ||| qw: Do Orc after clearing Dungeon:15 true
     0 | D:1      | 0 ||| qw: Do second Lair branch before Depths: true
     0 | D:1      | 0 ||| qw: Lair rune preference: random
     0 | D:1      | 0 ||| qw: Goals: Normal
     0 | D:1      | 0 ||| PLANNING D:1-11
    44 | D:1      | Reached skill level 3 in Dodging
    49 | D:1      | 49 ||| DROPPING scroll of butterflies.
   223 | D:1      | Reached XP level 2. HP: 14/14 MP: 3/3
   223 | D:1      | You fall into a shaft and drop 1 floor!
   332 | D:2      | 332 ||| READING scroll labelled SURYQY RESUTEO.
   338 | D:2      | 338 ||| READING scroll labelled SUBBAU SETEG.
   338 | D:2      | 338 ||| BRANDING +0 shortbow.
   339 | D:2      | 339 ||| READING scroll labelled VACVECOUCEE.
   341 | D:2      | 341 ||| Stepping ~*~*~tactically~*~*~ (cloud).
   342 | D:2      | HP: 2/14 [poisoned by you (poison gas)]
   344 | D:2      | Succumbed to their own poison gas

Levels and vault maps discovered:
D:1:      lemuel_arrival_tunnels, layout_rooms, serial_glass, glass_columns_a,
          glass_columns_a, glass_columns_c, glass_columns_b, glass_columns_c,
          glass_columns_a, glass_columns_c, glass_columns_a, glass_columns_c,
          glass_columns_b, glass_columns_b, glass_columns_b, glass_columns_a,
          glass_columns_a, minmay_hexomino_r4
D:2:      layout_loops_ring, wander_ebering_terrifying_dragon_lair

Skill      XL: |  1  2 |
---------------+-------+-----
Dodging        | 3 4 |  4.0
Fighting       | |  1.5
Ranged Weapons | |  4.0
Stealth        | |  1.5

Action                     || total
---------------------------++-------
   Fire: Shortbow          ||    31
    Use: Scroll            ||     3
 Armour: Robe              ||     2
  Dodge: Dodged            ||     9

Table legend:
 A = Non-vault XP
 B = Vault XP
 C = Vault XP percentage of total XP
 D = Non-vault monster count
 E = Vault monster count
 F = Vault count percentage of total count
                 A         B        C        D         E       F
            +---------+---------+-------+---------+---------+-------
      Total |      16 |       3 |  15.8 |      11 |       2 |  15.4
            +---------+---------+-------+---------+---------+-------
        D:1 |       9 |       3 |  25.0 |       7 |       2 |  22.2
        D:2 |       7 |       0 |   0.0 |       4 |       0 |   0.0
            +---------+---------+-------+---------+---------+-------
